 Dungeon Crawl Stone Soup version 0.29-a0-334-gb41bcbb86e (webtiles) character file.

Game seed: 1238888600133799948

72 BritishOli the Skirmisher (level 4, 0/35 HPs)
             Began as a Demonspawn Monk on Apr 14, 2022.
             Slain by a gnoll
             ... wielding a +0 club
              (5 damage)
             ... on level 3 of the Dungeon.
             The game lasted 00:04:10 (1405 turns).

BritishOli the Skirmisher (Demonspawn Monk)         Turns: 1405, Time: 00:04:11

Health: 0/35       AC:  5    Str: 13    XL:     4   Next: 7%
Magic:  4/4        EV: 12    Int: 11    God:
Gold:   58         SH:  0    Dex: 16    Spells: 3/3 levels left

rFire   . . .      SeeInvis .   h - +0 short sword (venom)
rCold   . . .      Faith    .   (no shield)
rNeg    . . .      Spirit   .   d - +0 leather armour
rPois   .          Reflect  .   i - +0 helmet
rElec   .          Harm     .   j - +0 cloak
rCorr   .          Rampage  .   (no gloves)
Will    .....                   (no boots)
Stlth   ++........              g - amulet of regeneration
HPRegen 0.91/turn               (no ring)
MPRegen 0.09/turn               (no ring)

@: no status effects
A: powered by death 2, demonic touch 1
a: no special abilities


You were on level 3 of the Dungeon.
You visited 1 branch of the dungeon, and saw 3 of its levels.

You collected 58 gold pieces.

Inventory:

Hand Weapons
 h - a +0 short sword of venom (weapon)
Armour
 d - a +0 leather armour (worn)
 i - a +0 helmet (worn)
 j - a +0 cloak (worn)
 l - a scarf of repulsion
 m - a +0 pair of gloves
Jewellery
 g - an amulet of regeneration (around neck)
Scrolls
 a - 2 scrolls of identify {unknown}
 b - 2 scrolls of immolation {unknown}
 e - a scroll of fear {unknown}
 f - a scroll of enchant armour {unknown}
 n - a scroll of enchant weapon {unknown}
 o - a scroll of fog {unknown}
 p - a scroll of teleportation {unknown}
Potions
 c - a potion of ambrosia
 k - a potion of mutation {unknown}


   Skills:
 + Level 3.5 Fighting
 + Level 3.2 Long Blades
 + Level 1.3 Armour
 + Level 3.2 Dodging
 - Level 2.0 Stealth


You had 3 spell levels left.
You didn't know any spells.
Your spell library was empty.

Dungeon Overview and Level Annotations

Branches:
Dungeon (3/15)

Altars:


Innate Abilities, Weirdness & Mutations

You regenerate health from kills.
Your touch may inflict minor irresistible damage on your foes.


Message History

Found a book of Displacement and a scroll labelled ZETSUM ETZI.
There is an open door here.
A gnoll comes into view. It is wielding a +0 club.
The helpless gnoll fails to defend itself.
You puncture the gnoll!
You kill the gnoll!
The gnoll shouts!
You have reached level 4!
You feel agile.
Your demonic ancestry asserts itself...
Your hands begin to faintly glow with unholy energy.
There are monsters nearby!
The gnoll hits you from afar with a +0 halberd.
The gnoll shouts!
Things that are here:
a +0 whip; a gnoll corpse You completely miss the gnoll.
You touch the gnoll.
The gnoll is moderately wounded.
The gnoll hits you but does no damage.
The gnoll hits you from afar with a +0 halberd!
You barely miss the gnoll. Your touch misses the gnoll.
The gnoll is moderately wounded.
The gnoll misses you.
The gnoll hits you from afar with a +0 halberd.
You closely miss the gnoll.
The gnoll is moderately wounded.
The worm bites you. The gnoll hits you with a +0 club.
* * * LOW HITPOINT WARNING * * *
The gnoll barely misses you.
You are too injured to fight recklessly!
The gnoll attacks as you move away! The gnoll hits you with a +0 club.
* * * LOW HITPOINT WARNING * * *
There is an open door here.
The gnoll attacks as you move away! The gnoll barely misses you.
The gnoll attacks as you move away! The gnoll hits you with a +0 club.
* * * LOW HITPOINT WARNING * * *
You see here a bat corpse.
The gnoll attacks as you move away! The gnoll hits you with a +0 club.
* * * LOW HITPOINT WARNING * * *
The gnoll attacks as you move away! The gnoll hits you with a +0 club.
You die...

#........... #.
#:......# #.
#...)...+ #.
#.....w.# #
######g#..... #g#
#.## #### #.# #
#... #g# #.## #@#
#.# #.# #.# #.#
#.# #.# #.# #.#
#.# #.# #.# #.#
#.# #.# #.# #.#
#.#
#.###.#########.#
#...............#
#####.###########


You could see a worm and 3 gnolls.

Vanquished Creatures
  Jessica (D:2)
  A gnoll (D:3)
  A dart slug (D:2)
  A ball python (D:1)
  2 endoplasms
  3 hobgoblins
  5 bats
  A frilled lizard (D:2)
  7 goblins
  7 kobolds
  6 rats
35 creatures vanquished.

Notes
Turn   | Place    | Note
-------+----------+-------------------------------------------
     0 | D:1      | BritishOli the Demonspawn Monk began the quest for the Orb.
     0 | D:1      | Reached XP level 1. HP: 18/18 MP: 1/1
   255 | D:1      | Gained mutation: You regenerate a little health from kills.
                  | [demonic ancestry]
   255 | D:1      | Reached XP level 2. HP: 24/24 MP: 2/2
   305 | D:1      | Found a faded altar of an unknown god.
  1039 | D:2      | Noticed Jessica
  1048 | D:2      | Killed Jessica
  1049 | D:2      | Reached skill level 1 in Armour
  1049 | D:2      | Gained mutation: You regenerate health from kills. [demonic
                  | ancestry]
  1049 | D:2      | Reached XP level 3. HP: 19/29 MP: 3/3
  1395 | D:3      | Gained mutation: Your touch may inflict minor irresistible
                  | damage on your foes. [demonic ancestry]
  1395 | D:3      | Reached XP level 4. HP: 35/35 MP: 4/4
  1405 | D:3      | Slain by a gnoll

Illustrated notes

Levels and vault maps discovered:
D:1:      tarquinn_simple_flora_water_e, layout_basic,
          shapermc_ecumenical_altar_totnotflames, minmay_ruptured
D:2:      layout_rooms, st_stairs_11, uniq_jessica
D:3:      layout_basic, minmay_hedge_maze, minmay_misc_feat_room

Skill      XL: |  1  2 |
---------------+-------+-----
Stealth        | 2 |  2.0
Long Blades    | 3 |  3.2
Armour         | 1 |  1.3
Dodging        | 3 |  3.2
Fighting       | |  3.5

Action                   |  1- 3 |  4- 6 || total
-------------------------+-------+-------++-------
Melee: Falchion          |    30 |       ||    30
       Short sword       |    39 |     3 ||    42
       Punch             |     1 |       ||     1
       Touch             |       |     1 ||     1
 Stab: Sleeping          |     8 |       ||     8
Armor: Robe              |     2 |       ||     2
       Leather armour    |    21 |     1 ||    22
Dodge: Dodged            |    32 |     3 ||    35

Table legend: (Time is in decaauts)
 A = Elapsed time spent in this place.
 B = Non-inter-level travel time spent in this place.
 C = Inter-level travel time spent in this place.
 D = Time resting spent in this place.
 E = Time spent auto-exploring this place.
 F = Levels seen in this place.
 G = Mean time per level.
                   A        B        C        D        E       F      G
               +--------+--------+--------+--------+--------+-----+--------+
         Total |   1408 |   1351 |     57 |      0 |   1071 |   3 |  469.3 |
       Dungeon |   1408 |   1351 |     57 |      0 |   1071 |   3 |  469.3 |
               +--------+--------+--------+--------+--------+-----+--------+

Top non-repeatable levels by time:
     D:1: 1001 daAuts
     D:2: 298 daAuts
     D:3: 108 daAuts
